 Dungeon Crawl Stone Soup version 0.31.0-12-g77e489cdc1 (webtiles) character file.

Game seed: 7845300598883743732

140 Gadfly the Trooper (level 5, -2/55 HPs)
             Began as an Oni Berserker on Feb 24, 2024.
             Was a Believer of Trog.
             Slain by an iguana (10 damage)
             ... on level 3 of the Dungeon.
             The game lasted 00:02:10 (1447 turns).

Gadfly the Trooper (Oni Berserker)                  Turns: 1447, Time: 00:02:10

Health: -2/55      AC:  4    Str: 21    XL:     5   Next: 22%
Magic:  5/5        EV: 10    Int:  8    God:    Trog [**....]
Gold:   55         SH:  0    Dex: 10    Spells: 4/4 levels left

rFire   . . .        a - +0 mace
rCold   . . .        (no shield)
rNeg    . . .        b - +1 animal skin
rPois   .            (helmet restricted)
rElec   .            (no cloak)
rCorr   .            (gloves unavailable)
SInv    .            (boots unavailable)
Will    .....        (no amulet)
Stlth   +            (no ring)
HPRegen 0.29/turn    (no ring)
MPRegen 0.09/turn

%: no passive effects
@: no status effects
A: large, unfitting armour, horns 1, tough skin 1, double potion healing,
drunken brawling
a: Renounce Religion, Berserk, Trog's Hand


You were on level 3 of the Dungeon.
You worshipped Trog.
Trog was pleased with you.
You visited 1 branch of the dungeon, and saw 3 of its levels.

You collected 55 gold pieces.

Inventory:

Hand Weapons
 a - a +0 mace (weapon)
Armour
 b - a +1 animal skin (worn)
Potions
 c - a potion of might {unknown}
 d - a potion of heal wounds {unknown}


   Skills:
 + Level 4.8 Fighting
 * Level 3.9 Maces & Flails
 * Level 2.0 Armour
 - Level 2.6 Dodging
 * Level 1.8 Evocations


You had 4 spell levels left.
You didn't know any spells.
Your spell library was empty.

Dungeon Overview and Level Annotations

Branches:
Dungeon (3/15)

Altars:


Innate Abilities, Weirdness & Mutations

You are too large for most types of armour.
You have a pair of small horns on your head.
You have tough skin. (AC +1)
You gain doubled healing and magic from potions.
Whenever you drink a healing potion, you attack all around you.


Message History

The liquid fire burns you!
The bombardier beetle closely misses you.
You hit the bombardier beetle. You headbutt the bombardier beetle.
You kill the bombardier beetle!
Trog accepts your kill. The liquid fire burns you!
Your Armour skill increases to level 2!
You have reached level 5!
You shake off the liquid fire.
The frilled lizard attacks as it pursues you!
The frilled lizard bites you but does no damage.
You see here a ball python corpse.
The frilled lizard closely misses you.
You hit the frilled lizard.
You kill the frilled lizard!
Trog accepts your kill. The iguana bites you.
You barely miss the iguana. Your headbutt misses the iguana.
The iguana barely misses you.
You hit the iguana. You headbutt the iguana.
The iguana is heavily wounded.
The iguana closely misses you. The iguana bites you!
* * * LOW HITPOINT WARNING * * *
You hit the iguana but do no damage.
The iguana is heavily wounded.
The iguana misses you.
You hit the iguana. Your headbutt misses the iguana.
The iguana is severely wounded.
The iguana closely misses you.
You closely miss the iguana.
The iguana is severely wounded.
The iguana misses you.
You closely miss the iguana.
The iguana is severely wounded.
The iguana bites you.
* * * LOW HITPOINT WARNING * * *
You barely miss the iguana.
The iguana is heavily wounded.
The iguana closely misses you. The iguana bites you!
You die...

#.# # #.###
#.####...# #..
#........### #..
....##.......+
#.... #.#.....#
#.... #.##....#
...# #.##....#
#..# #@##....#
##...###l##....#
#...†l..†# ....#
..........##
..........#
..........#
..........#
..........#
..........#


You could see an iguana.

Vanquished Creatures
  A bombardier beetle (D:3)
  Jessica (D:2)
  3 adders (D:2)
  4 dart slugs
  5 ball pythons
  2 bats
  4 endoplasms (D:2)
  3 giant cockroaches
  2 goblins (D:1)
  6 hobgoblins (D:1)
  6 kobolds
  A quokka (D:1)
  3 frilled lizards
  2 rats (D:1)
43 creatures vanquished.

Notes
Turn   | Place    | Note
-------+----------+-------------------------------------------
     0 | D:1      | Gadfly the Oni Berserker began the quest for the Orb.
     0 | D:1      | Reached XP level 1. HP: 24/24 MP: 1/1
   246 | D:1      | Reached XP level 2. HP: 32/32 MP: 2/2
   500 | D:1      | Reached XP level 3. HP: 37/40 MP: 3/3
   505 | D:1      | Reached ** piety under Trog
   589 | D:1      | Reached skill level 1 in Armour
   589 | D:1      | Reached skill level 1 in Evocations
  1046 | D:2      | Noticed Jessica
  1049 | D:2      | Killed Jessica
  1050 | D:2      | Reached XP level 4. HP: 49/49 MP: 4/4
  1433 | D:3      | Reached XP level 5. HP: 25/55 MP: 5/5
  1447 | D:3      | Slain by an iguana

Illustrated notes

Levels and vault maps discovered:
D:1:      matt_arrival_los_fun, layout_basic, minmay_strange_pillars,
          dk_noncrumbling_4, amcnicky_mini_pool_small
D:2:      layout_rooms, uniq_jessica
D:3:      minmay_wonky_spiral, layout_basic, gammafunk_temple_of_torment,
          mainiacjoe_overflow_tiny_flanked, hellmonk_ecumenical_altar_crossroads

Skill      XL: |  1  2  3  4 |
---------------+-------------+-----
Armour         | 1 2 |  2.0
Evocations     | 1 |  1.8
Fighting       | |  4.8
Maces & Flails | |  3.9
Dodging        | |  2.6

Action                     |  1- 3 |  4- 6 || total
---------------------------+-------+-------++-------
  Melee: Mace              |    81 |    42 ||   123
         Headbutt          |    11 |     5 ||    16
         Punch             |     1 |       ||     1
    Use: Scroll            |     1 |     1 ||     2
 Armour: Animal skin       |    57 |    25 ||    82
  Dodge: Dodged            |    50 |    26 ||    76
